 Dungeon Crawl Stone Soup version 0.31-a0-202-g547052bce9 (webtiles) character file.

Game seed: 7125691967298247369

641 qw the Skirmisher (level 7, -2/41 HPs)
             Began as a Deep Elf Hunter on June 26, 2023.
             Killed from afar by a steam dragon (15 damage)
             ... with a ball of steam
             ... on level 4 of the Dungeon.
             The game lasted 00:01:26 (4086 turns).

qw the Skirmisher (Deep Elf Hunter)                 Turns: 4086, Time: 00:01:26

Health: -2/41      AC: 10    Str: 13    XL:     7   Next: 26%
Magic:  9/9        EV: 13    Int: 14    God:
Gold:   234        SH:  0    Dex: 22    Spells: 6/6 levels left

rFire   . . .        Y - +2 shortbow (flame)
rCold   + + .        (shield currently unavailable)
rNeg    . . .        j - +1 ring mail of Kuehusmi {rC+ Dex+4}
rPois   .            (no helmet)
rElec   +            (no cloak)
rCorr   .            q - +3 pair of gloves "Ecadenyef" {rElec Will+++ Str+3 Stlth-}
SInv    .            (no boots)
Will    +++..        d - amulet of regeneration
Stlth   +            r - ring of protection from cold
HPRegen 1.06/turn    (no ring)
MPRegen 0.11/turn

%: no passive effects
@: no status effects
A: no striking features
a: no special abilities


You were on level 4 of the Dungeon.
You visited 1 branch of the dungeon, and saw 5 of its levels.

You collected 234 gold pieces.


   Skills:
 - Level 3.0 Fighting
 - Level 10.0 Ranged Weapons
 + Level 0.8 Armour
 - Level 4.1 Dodging
 - Level 1.2 Stealth


You had 6 spell levels left.
You didn't know any spells.
Your spell library was empty.

Inventory:

Hand Weapons
 Y - a +2 shortbow of flaming (weapon)
Armour
 j - the +1 ring mail of Kuehusmi (worn) {rC+ Dex+4}
   (You found it on level 2 of the Dungeon)

   Dex:       It affects your dexterity (+4).
   rC:        It protects you from cold.
 q - the +3 pair of gloves "Ecadenyef" (worn) {rElec Will+++ Str+3 Stlth-}
   (You found it on level 3 of the Dungeon)

   Str:       It affects your strength (+3).
   rElec:     It insulates you from electricity.
   Will:      It greatly increases your willpower.
   Stlth:     It makes you less stealthy.
Jewellery
 d - an amulet of regeneration (around neck)
 r - a ring of protection from cold (left hand)
Scrolls
 n - a scroll of identify
Potions
 a - a potion of haste
 e - 2 potions of curing
 i - a potion of heal wounds {unknown}
 k - a potion of magic {unknown}
 l - a potion of attraction {unknown}
 m - a potion of mutation
 o - a potion of might

Dungeon Overview and Level Annotations

Branches:
Dungeon (5/15)
 Temple: D:4-7

Altars:
Nemelex Xobeh

Shops:
D:1 *


Message History

The orc priest is engulfed in a cloud of scalding steam.
The orc priest hits you but does no damage.
The orc wizard closely misses you.
The orc is engulfed in a cloud of scalding steam.
The orc dies!
The orc misses you. The steam dragon misses you.
The steam dragon barely misses you.
You climb upwards.
There is a stone staircase leading down here.
You shoot an arrow.
The arrow closely misses the orc priest.
The orc wizard hits you but does no damage.
The orc priest hits you but does no damage.
The steam dragon bites you but does no damage.
The steam dragon claws you.
You shoot an arrow. The arrow hits the orc priest.
The arrow burns the orc priest.
You kill the orc priest!
The orc wizard hits you but does no damage.
The steam dragon bites you. The steam dragon closely misses you.
You shoot an arrow.
The arrow closely misses the steam dragon.
The orc wizard hits you but does no damage.
The steam dragon barely misses you. The steam dragon closely misses you.
You shoot an arrow.
The arrow barely misses the steam dragon.
The orc wizard closely misses you. The steam dragon bites you.
The steam dragon closely misses you.
You shoot an arrow.
The arrow hits the steam dragon but does no damage.
The steam dragon is moderately wounded.
The orc wizard hits you but does no damage.
The steam dragon bites you.
The steam dragon claws you but does no damage.
You shoot an arrow.
The arrow barely misses the steam dragon.
The orc wizard misses you. The steam dragon breathes steam at you.
The ball of steam hits you!
You die...

#.#.########.#..#
#.#........#.#..#
#.########.#.#..#
#............#..#
##########.#....#
###.#.##.#######
###...............
#o).#.############
#@D...~.....%¤¤¤¤¤
####..~#######¤###
#.~~# #.# #~~##
###.### #.~#
#...%%. #.~#
#.#.### #~~# #.#.#
######~~# #.#.#
#....~~.# #.#.#


You could see a steam dragon (catching breath) and an orc wizard.

Vanquished Creatures
  A water moccasin (D:4)
  A black bear (D:4)
  3 hounds
  2 orc priests (D:4)
  3 iguanas
  2 orc wizards
  4 gnolls (D:3)
  4 adders
  A worm (D:3)
  5 dart slugs
  13 orcs
  5 ball pythons
  5 bats
  4 endoplasms (D:1)
  5 giant cockroaches
  4 goblins
  5 hobgoblins
  10 jackals
  5 quokkas
  12 frilled lizards
  6 kobolds
  6 rats
106 creatures vanquished.

Vanquished Creatures (others)
  2 orcs (D:5)
2 creatures vanquished.

Grand Total: 108 creatures vanquished

Notes
Turn   | Place    | Note
-------+----------+-------------------------------------------
     0 | D:1      | qw the Deep Elf Hunter began the quest for the Orb.
     0 | D:1      | Reached XP level 1. HP: 12/12 MP: 3/3
     0 | D:1      | 0 ||| qw: Version: 0.3-a-22-g0ed2b0b
     0 | D:1      | 0 ||| qw: Game counter: 5746
     0 | D:1      | 0 ||| qw: Melee chars always use a shield: true
     0 | D:1      | 0 ||| qw: God list: Okawaru
     0 | D:1      | 0 ||| qw: Allow faded altars: false
     0 | D:1      | 0 ||| qw: Do Orc after clearing Dungeon:15 true
     0 | D:1      | 0 ||| qw: Do second Lair branch before Depths: true
     0 | D:1      | 0 ||| qw: Lair rune preference: random
     0 | D:1      | 0 ||| qw: Goals: Normal
     0 | D:1      | 0 ||| PLANNING D:1-11
   119 | D:1      | Reached skill level 6 in Ranged Weapons
   119 | D:1      | Reached XP level 2. HP: 16/16 MP: 4/4
   415 | D:1      | Found Ykkuok's General Store.
   420 | D:1      | 420 ||| SHOPLISTING 2 potions of enlightenment (120 gold,
                  | have 30).
   420 | D:1      | 420 ||| SHOPLISTING potion of resistance (120 gold, have
                  | 30).
   420 | D:1      | 420 ||| SHOPLISTING scroll of acquirement (624 gold, have
                  | 30).
   435 | D:1      | 435 ||| UPGRADING to +0 ring mail.
   466 | D:1      | 466 ||| DROPPING +0 leather armour.
   887 | D:1      | 887 ||| UPGRADING to amulet of regeneration.
   892 | D:1      | 892 ||| DROPPING +6 ring of intelligence.
   893 | D:1      | 893 ||| READING scroll labelled YTOSCH SYWOESAB.
   994 | D:1      | 994 ||| READING scroll labelled KIGRAFF RUUXO.
   995 | D:1      | 995 ||| READING scroll labelled AGRUFF LECISE.
   999 | D:1      | 999 ||| READING scroll labelled MECUSS DECEG.
  1000 | D:1      | 1000 ||| DRINKING 2 amethyst potions.
  1001 | D:1      | 1001 ||| DRINKING 2 ruby potions.
  1001 | D:1      | Gained mutation: You are dopey. (Int -2) [potion of
                  | mutation]
  1001 | D:1      | Lost mutation: You are dopey. (Int -2) [potion of mutation]
  1002 | D:1      | 1002 ||| DROPPING scroll of butterflies.
  1079 | D:2      | Reached XP level 3. HP: 20/20 MP: 5/5
  1336 | D:2      | Reached skill level 7 in Ranged Weapons
  1557 | D:2      | Identified the +1 ring mail of Kuehusmi {rC+ Dex+4}
  1663 | D:2      | 1663 ||| UPGRADING to +0 pair of gloves.
  1668 | D:2      | 1668 ||| UPGRADING to +1 ring mail of Kuehusmi {rC+ Dex+4}.
  1678 | D:2      | 1678 ||| DROPPING +0 ring mail.
  1679 | D:2      | 1679 ||| READING scroll labelled GOLYIK RENILOV.
  1680 | D:2      | 1680 ||| READING scroll labelled XAXYCZINAI.
  1680 | D:2      | Identified a scroll of acquirement
  1680 | D:2      | 1680 ||| ACQUIRING +1 shortbow of flaming
  1680 | D:2      | Acquired a +1 shortbow of flaming
  1682 | D:2      | 1682 ||| SWAPPING to +1 shortbow of flaming.
  1683 | D:2      | 1683 ||| DROPPING +0 shortbow.
  1684 | D:2      | 1684 ||| DRINKING 2 smoky coppery potions.
  2070 | D:3      | Reached XP level 4. HP: 25/25 MP: 6/6
  2148 | D:3      | Reached skill level 8 in Ranged Weapons
  2166 | D:3      | Reached XP level 5. HP: 29/29 MP: 7/7
  2171 | D:3      | Identified the +3 pair of gloves "Ecadenyef" {rElec Will+++
                  | Str+3 Stlth-}
  2198 | D:3      | Found a sparkling altar of Nemelex Xobeh.
  2620 | D:3      | Reached skill level 9 in Ranged Weapons
  2964 | D:3      | 2964 ||| UPGRADING to +3 pair of gloves "Ecadenyef" {rElec
                  | Will+++ Str+3 Stlth-}.
  2974 | D:3      | 2974 ||| DROPPING +0 pair of gloves.
  2975 | D:3      | 2975 ||| UPGRADING to ring of protection from cold.
  2976 | D:3      | 2976 ||| READING scroll labelled LAFO WEBLOITEIS.
  2977 | D:3      | 2977 ||| READING scroll labelled BASAAL MALYGO.
  2978 | D:3      | 2978 ||| READING scroll labelled CAKAZAXIFE.
  3026 | D:4      | Noticed a black bear
  3030 | D:4      | Killed a black bear
  3031 | D:4      | Reached XP level 6. HP: 34/34 MP: 8/8
  3162 | D:4      | Noticed a water moccasin
  3169 | D:4      | Killed a water moccasin
  3170 | D:4      | Reached skill level 3 in Fighting
  3418 | D:4      | Reached XP level 7. HP: 41/41 MP: 9/9
  3995 | D:4      | 3995 ||| READING scroll labelled MUWNIFF YDWA.
  3996 | D:4      | 3996 ||| READING scroll labelled RAHYKL DIFUMN.
  3997 | D:4      | 3997 ||| READING 2 scrolls labelled HOT FIYPSOZXUE.
  3998 | D:4      | 3998 ||| READING scroll labelled ZEFAL NOEFENI.
  3999 | D:4      | 3999 ||| DRINKING 2 viscous emerald potions.
  4000 | D:4      | 4000 ||| READING 2 scrolls of identify.
  4000 | D:4      | 4000 ||| IDENTIFYING fuming orange potion
  4001 | D:4      | 4001 ||| DROPPING potion of brilliance.
  4002 | D:4      | 4002 ||| DROPPING scroll of blinking.
  4023 | D:5      | Entered Level 5 of the Dungeon
  4023 | D:5      | Noticed a steam dragon
  4026 | D:5      | 4026 ||| STAIRDANCE
  4042 | D:5      | 4042 ||| STAIRDANCE
  4042 | D:5      | HP: 10/41 [something] (5)]
  4046 | D:4      | Reached skill level 10 in Ranged Weapons
  4079 | D:5      | 4079 ||| STAIRDANCE
  4086 | D:4      | Killed from afar by a steam dragon

Levels and vault maps discovered:
D:1:      erik_arrival_orb_chamber, layout_loops_corners, serial_shops,
          nicolae_shop_just_a_little_nook, minmay_tetromino_t4
D:2:      layout_basic
D:3:      layout_basic, nemelex_diamond_rough_becter, chequers_arboretum,
          saegor_snake_ambush
D:4:      black_bear_nest_1, layout_basic, chequers_serial_rivers_small_a,
          minmay_lizard_king
D:5:      layout_rooms, grunt_gozag_statues, mainiacjoe_overflow_alcove_4,
          minmay_temple_entry_water_ring, uniq_sigmund, uniq_prince_ribbit1,
          uniq_ijyb, uniq_menkaure

Skill      XL: |  1  2  3  4  5  6  7 |
---------------+----------------------+-----
Ranged Weapons | 6 7 8 9 10 | 10.0
Dodging        | 4 |  4.1
Fighting       | 3 |  3.0
Armour         | |  0.8
Stealth        | |  1.2

Action                     |  1- 3 |  4- 6 |  7- 9 || total
---------------------------+-------+-------+-------++-------
   Fire: Shortbow          |   105 |   111 |    55 ||   271
    Use: Scroll            |     6 |     3 |     5 ||    14
         Potion            |     3 |       |     1 ||     4
 Armour: Ring mail         |     6 |     7 |    22 ||    35
  Dodge: Dodged            |    29 |    21 |    36 ||    86

Table legend:
 A = Non-vault XP
 B = Vault XP
 C = Vault XP percentage of total XP
 D = Non-vault monster count
 E = Vault monster count
 F = Vault count percentage of total count
                 A         B        C        D         E       F
            +---------+---------+-------+---------+---------+-------
      Total |     731 |     185 |  20.2 |      92 |      14 |  13.2
            +---------+---------+-------+---------+---------+-------
        D:1 |      33 |       2 |   5.7 |      18 |       2 |  10.0
        D:2 |      37 |       0 |   0.0 |      14 |       0 |   0.0
        D:3 |     196 |      13 |   6.2 |      34 |       1 |   2.9
        D:4 |     422 |     170 |  28.7 |      25 |      11 |  30.6
        D:5 |      43 |       0 |   0.0 |       1 |       0 |   0.0
            +---------+---------+-------+---------+---------+-------
